 Dungeon Crawl Stone Soup version 0.21.0-24-g2553a33 (webtiles) character file.

59 Monsterracer the Slasher (level 3, 0/29 HPs)
             Began as a Vampire Abyssal Knight on Jan 20, 2018.
             Was a Believer of Lugonu.
             Slain by Natasha (7 damage)
             ... on level 2 of the Dungeon.
             The game lasted 00:02:01 (1024 turns).

Monsterracer the Slasher (Vampire Abyssal Knight)   Turns: 1024, Time: 00:02:01

Health: 0/29       AC:  4    Str: 11    XL:     3   Next: 78%
Magic:  4/4        EV: 12    Int: 14    God:    Lugonu [**....]
Gold:   67         SH:  0    Dex: 14    Spells: 2/2 levels left

rFire    . . .     SeeInvis +   a - +1 falchion
rCold    . . .     Gourm    .   (no shield)
rNeg     . . .     Faith    .   b - +0 leather armour
rPois    .         Spirit   .   (no helmet)
rElec    .         Reflect  .   (no cloak)
rCorr    .         Harm     .   (no gloves)
MR       .....                  k - +0 pair of boots
Stlth    +.........             (no amulet)
HPRegen  0.29/turn              (no ring)
MPRegen  0.09/turn              (no ring)

@: lethally poisoned (0 -> 0), regenerating quickly, slowed, very slow
A: fangs 3, see invisible, unbreathing
a: Depart the Abyss, Bend Space, Renounce Religion


You were on level 2 of the Dungeon.
You worshipped Lugonu.
Lugonu was pleased with you.
You were very full.

You visited 1 branch of the dungeon, and saw 2 of its levels.
You visited the Abyss 1 time.

You collected 67 gold pieces.

Inventory:

Hand Weapons
 a - a +1 falchion (weapon)
Armour
 b - a +0 leather armour (worn)
 k - a +0 pair of boots (worn)
Scrolls
 c - a scroll of fear {unknown}
 e - 2 scrolls of immolation {unknown}
 f - 2 scrolls of remove curse {unknown}
 i - 2 scrolls of identify {unknown}
 l - a scroll of enchant weapon {unknown}
Potions
 d - 3 potions of blood
 g - a potion of agility {unknown}
 h - a potion of magic {unknown}
 j - a potion of brilliance {unknown}


   Skills:
 + Level 3.0 Fighting
 * Level 3.9 Long Blades
 - Level 0.7 Armour
 - Level 2.1 Dodging
 - Level 1.5 Invocations


You had 2 spell levels left.
You didn't know any spells.

Dungeon Overview and Level Annotations

Branches:
Dungeon (2/15)

Altars:

Annotations:
D:2 Natasha


Innate Abilities, Weirdness & Mutations

Your natural rate of healing is unusually fast.
You have razor-sharp teeth.
You have supernaturally acute eyesight. (SInv)
You can survive without breathing.


Message History

You take 1 damage, and have 16/28 hp.
You see here a bat corpse.
You see here a bat corpse.
You feel sick.
d - 4 potions of blood (gained 1)
You see here an adder skeleton.
You see here a bat corpse.
You bottle the corpse's blood.
d - 5 potions of blood (gained 1)
You see here a bat skeleton.
You feel sick.
You take 1 damage, and have 16/28 hp.
Yummy - fresh blood!
Yummy - fresh blood!
You feel sick.
You feel sick.
You are no longer poisoned.
HP restored.
l - a scroll labeled MAANGU SANEPT Health restored: 28
Found 23 arrows.
Found a stone staircase leading down.
No target in view!
Key pressed, stopping explore.
No target in view!
Natasha, Servant of Life and Death comes into view.
Natasha hisses angrily.
A rat and a quokka come into view.
An adder comes into view.
The adder hisses angrily.
The quokka bites you but does no damage.
The adder completely misses you.
You hit the adder.
The adder is lightly wounded.
The adder barely misses you.
You riposte.
You closely miss the adder.
The adder is lightly wounded.
Natasha mumbles some strange words.
You closely miss the adder.
The adder is lightly wounded.
The adder barely misses you.
You hit the adder but do no damage.
The adder is lightly wounded.
The adder completely misses you.
Natasha howls an incantation.
Natasha shimmers violently.
The adder barely misses you.
You closely miss the adder. The adder bites you.
Natasha casts a spell.
You take 3 damage, and have 25/28 hp.
You hit the adder. You bite the adder.
The adder is severely wounded.
The adder bites you.
You are poisoned.
The adder poisons you!
The shadow imp grinds its teeth.
The adder bites you.
You take 6 damage, and have 19/28 hp.
MASSIVE DAMAGE!!
You hit the adder.
You kill the adder!
Lugonu accepts your kill.
Your Fighting skill increases to level 3!
You feel sick.
You hit the quokka. Your bite misses the quokka.
The quokka is almost dead.
The quokka misses you.
Natasha wildly gestures.
You feel troubled.
Your leather armour prevents you from hitting the quokka.
The quokka is almost dead.
You feel sick. The quokka misses you.
You riposte.
You barely miss the quokka.
The quokka is almost dead.
The quokka bites you but does no damage.
You take 1 damage, and have 19/29 hp.
You hit the quokka.
You kill the quokka!
Lugonu accepts your kill.
Natasha casts a spell.
You hit Natasha.
Natasha is moderately wounded.
Natasha claws you. Natasha claws you!
* * * LOW HITPOINT WARNING * * *
You take 13 damage, and have 7/29 hp.
MASSIVE DAMAGE!!
You hit Natasha. Your bite misses Natasha.
Natasha is heavily wounded.
You feel sick.
Natasha stares at you and mumbles some strange words.
You feel yourself slow down.
You take 1 damage, and have 6/29 hp.
You closely miss Natasha.
Natasha is heavily wounded.
Natasha closely misses you.
The crimson imp blinks!
You miss Natasha. Your bite misses Natasha.
Natasha is heavily wounded.
Natasha howls an incantation.
You feel disoriented. Natasha completely misses you.
Natasha closely misses you.
The crimson imp blinks!
You barely miss Natasha. You bite Natasha.
Natasha is severely wounded.
You feel sick. Natasha claws you!
You die...

#(..>..##.#
#..........
######.......#
.........r...#
#.......# #5#5#####
#r#.# #h#.. #@####
#.# #5# #.# #.# #.#
#.# #.# #.#
#.#####.#
##########.>.....#
......รทรท......####


You could see Natasha, a crimson imp, a shadow imp and a rat.

Vanquished Creatures
  2 adders (D:2)
  An ooze (D:1)
  4 dart slugs
  2 leopard geckos (D:1)
  A giant cockroach (D:1)
  4 goblins (D:1)
  2 hobgoblins (D:1)
  3 jackals (D:1)
  A quokka (D:2)
  4 bats
  2 kobolds (D:1)
  3 rats (D:1)
29 creatures vanquished.

Notes
Turn   | Place    | Note
-------+----------+-------------------------------------------
     0 | Abyss:1  | Monsterracer the Vampire Abyssal Knight began the quest for the Orb.
     0 | Abyss:1  | Reached XP level 1. HP: 17/17 MP: 2/2
   100 | Abyss:1  | Noticed an ancient zyme
   216 | D:1      | Escaped the Abyss
   347 | D:1      | Reached XP level 2. HP: 18/23 MP: 3/3
   360 | D:1      | HP: 11/23 [leopard gecko (1)]
   621 | D:1      | Reached XP level 3. HP: 26/28 MP: 4/4
   799 | D:1      | Reached ** piety under Lugonu
  1001 | D:2      | Noticed Natasha
  1020 | D:2      | HP: 7/29 [Natasha (8)]
  1024 | D:2      | Slain by Natasha

Skill      XL: |  1  2  3 |
---------------+----------+-----
Long Blades    | 3 |  3.9
Fighting       | 3 |  3.0
Armour         | |  0.7
Dodging        | |  2.1
Invocations    | |  1.5

Action                   || total
-------------------------++-------
Melee: Falchion          ||    93
       Bite              ||    10
  Use: Potion            ||     9
Armor: Leather armour    ||    23
Dodge: Dodged            ||    76
       Rpst.: Falchion   ||    28

Vault maps used:
D:1:      shiori_arrival_oz
D:2:      kennysheep_generic_room_7, uniq_natasha, uniq_terence
Abyss:1:  bh_silent_lugonu_exit
